 Dungeon Crawl Stone Soup version 0.31-a0-431-g88bdf31460 (webtiles) character file.

Game seed: 16167555749890716242

133 CraigForest the Changeling (level 5, 0/37 HPs)
             Began as a Merfolk Shapeshifter on July 31, 2023.
             Hit by a goblin thrown by Robin (1 damage)
             ... on level 3 of the Dungeon.
             The game lasted 00:07:42 (2108 turns).

CraigForest the Changeling (Merfolk Shapeshifter)   Turns: 2108, Time: 00:07:42

Health: 0/37       AC:  2    Str: 15 (17) XL:     5   Next: 16%
Magic:  5/5        EV: 16    Int:  5 (7)  God:
Gold:   96         SH:  7    Dex: 13 (15) Spells: 4/4 levels left

rFire   + .          .
                       - Unarmed
rCold   + . .        h - +0 kite shield
rNeg    . . .        a - +0 animal skin
rPois   +            (helmet currently unavailable)
rElec   +            (cloak currently unavailable)
rCorr   +            (gloves currently unavailable)
SInv    .            (boots currently unavailable)
Will    +....        (no amulet)
Stlth   +            e - +5 ring of evasion
HPRegen 0.26/turn    (no ring)
MPRegen 0.09/turn

%: no passive effects
@: lethally poisoned (0 -> -2), beast-form, resistant, attractive, enlightened,
flying
A: beast (slay +3), (nimble swimmer 2), mertail
a: Begin Untransformation


You were on level 3 of the Dungeon.
You were a hulking beast.
You visited 1 branch of the dungeon, and saw 3 of its levels.

You collected 150 gold pieces.
You spent 54 gold pieces at shops.

Inventory:

Missiles
 j - 8 poisoned darts (quivered)
Armour
 a - a +0 animal skin (worn)
 h - a +0 kite shield (worn)
Jewellery
 e - a +5 ring of evasion (left hand)
Talismans
 c - a beast talisman (active)
Scrolls
 g - 2 scrolls of enchant armour {unknown}
 i - a scroll of identify {unknown}
 l - a scroll of enchant weapon {unknown}
Potions
 b - a potion of lignification
 d - a potion of attraction
 f - a potion of resistance


   Skills:
 + Level 1.2 Fighting
 + Level 1.9 Throwing
 + Level 3.3 Dodging
 + Level 0.2 Stealth
 + Level 0.3 Shields
 + Level 4.5 Unarmed Combat
 + Level 4.9 Shapeshifting


You had 4 spell levels left.
You didn't know any spells.
Your spell library contained the following spells:

 Spells                   Type           Power      Damage    Failure   Level
 Summon Small Mammal      Summ           0%         N/A       88%         1
 Call Canine Familiar     Summ           0%         N/A       99%         3
 Summon Guardian Golem    Hex/Summ       0%         N/A       99%         3


Dungeon Overview and Level Annotations

Branches:
Dungeon (3/15)

Altars:

Shops:
D:2 [

Annotations:
D:3 Robin


Innate Abilities, Weirdness & Mutations

You are a hulking beast.
Your limbs bulge with bestial killing power. (Slay +3)
((You are very nimble when in or above water. (Stealth+, EV+, Speed+++)))
Your lower body shifts to a powerful aquatic tail in water.


Message History

You hit the goblin.
The goblin is severely wounded.
Robin roars a battlecry!
The goblins go into a battle-frenzy!
You block the goblin's attack. The goblin barely misses you.
You hit the goblin.
You kill the goblin!
The goblin closely misses you.
You hit the goblin.
You kill the goblin!
Robin throws the goblin at you! The goblin hits you with a +0 club.
You punch the goblin!
You kill the goblin!
Robin hits you from afar with a +1 trident of venom!
You are poisoned.
A goblin comes into view. It is wielding a +0 club.
You are too injured to fight recklessly!
It was a potion of attraction.
You feel attractive to monsters.
You feel sick. Robin barely misses you. Robin is attracted toward you.
The goblin is attracted toward you.
It was a potion of resistance.
You feel protected.
You feel sick.
Robin hits you with a +1 trident of venom.
* * * LOW HITPOINT WARNING * * *
You barely miss Robin.
You feel sick. You block Robin's attack. The goblin hits you with a +0 club.
* * * LOW HITPOINT WARNING * * *
It was a potion of degeneration.
There was something very wrong with that liquid.
You feel weakened.
You feel dopey.
You feel clumsy.
* * * LOW HITPOINT WARNING * * *
You feel sick. Robin misses you. The goblin barely misses you.
It was a potion of enlightenment.
You feel very buoyant.
You fly up into the air.
* * * LOW HITPOINT WARNING * * *
You feel sick. Robin throws the goblin at you!
You die...

##.# #.. . ... ..#
.##. #.# #.# #.##.
######.# ... .....
........ # #.#.#.##.#
#..##.# #.#.#.#.##.#
.....#
###.#g).#.##.#####...#
#...)h# #.##......##.#
#.#.#g###.##...##.##..
# #.....##.†###.....
####..##..########
#..##....†.....
#.....#########
##.....# #####.#
........#


You could see Robin and a goblin (strong).

Vanquished Creatures
  A hound (D:3)
  A gnoll (D:2)
  3 adders
  A worm (D:3)
  2 dart slugs (D:2)
  6 endoplasms
  3 giant cockroaches
  8 goblins (D:3)
  3 hobgoblins (D:3)
  4 jackals
  5 kobolds
  5 quokkas
  5 ball pythons
  3 bats
  7 frilled lizards
57 creatures vanquished.

Notes
Turn   | Place    | Note
-------+----------+-------------------------------------------
     0 | D:1      | CraigForest the Merfolk Shapeshifter began the quest for
                  | the Orb.
     0 | D:1      | Reached XP level 1. HP: 15/15 MP: 1/1
   293 | D:1      | Reached XP level 2. HP: 14/21 MP: 2/2
  1006 | D:2      | Reached XP level 3. HP: 13/26 MP: 3/3
  1117 | D:2      | Found Jaczimia's Armour Shoppe.
  1125 | D:2      | Bought a +0 kite shield for 54 gold pieces
  1494 | D:2      | Reached skill level 1 in Throwing
  1494 | D:2      | Reached XP level 4. HP: 24/32 MP: 4/4
  2045 | D:3      | Reached XP level 5. HP: 37/37 MP: 5/5
  2099 | D:3      | Noticed Robin
  2108 | D:3      | HP: 1/37 [poisoned by Robin]
  2108 | D:3      | Hit by a goblin thrown by Robin

Illustrated notes

Levels and vault maps discovered:
D:1:      dpeg_arrival_snail, layout_loops_corners
D:2:      layout_loops_cross, serial_shops, nicolae_shop_stone, hex_medium,
          minmay_tetromino_t2
D:3:      layout_basic, uniq_robin

Skill      XL: |  1  2  3 |
---------------+----------+-----
Dodging        | 3 |  3.3
Unarmed Combat | 4 |  4.5
Throwing       | 1 |  1.9
Fighting       | |  1.2
Stealth        | |  0.2
Shields        | |  0.3
Shapeshifting  | |  4.9

Action                     |  1- 3 |  4- 6 || total
---------------------------+-------+-------++-------
  Melee: Unarmed           |    70 |    58 ||   128
         Punch             |     1 |       ||     1
  Throw: Dart              |    19 |     3 ||    22
    Use: Potion            |       |     4 ||     4
   Stab: Sleeping          |     2 |       ||     2
 Armour: Animal skin       |     9 |     8 ||    17
  Dodge: Dodged            |    36 |    36 ||    72
  Block: Kite shield       |     6 |    20 ||    26

Table legend: (Time is in decaauts)
 A = Elapsed time spent in this place.
 B = Non-inter-level travel time spent in this place.
 C = Inter-level travel time spent in this place.
 D = Time resting spent in this place.
 E = Time spent auto-exploring this place.
 F = Levels seen in this place.
 G = Mean time per level.
                   A        B        C        D        E       F      G
               +--------+--------+--------+--------+--------+-----+--------+
         Total |   2115 |   1947 |    168 |      0 |   1590 |   3 |  705.0 |
       Dungeon |   2115 |   1947 |    168 |      0 |   1590 |   3 |  705.0 |
               +--------+--------+--------+--------+--------+-----+--------+

Top non-repeatable levels by time:
     D:1: 995 daAuts
     D:2: 780 daAuts
     D:3: 339 daAuts
